 Dungeon Crawl Stone Soup version 0.28-a0-178-ga708605c5b (webtiles) character file.

Game seed: 8798048821687698930

1 loansindi the Caller (level 1, -1/13 HPs)
             Began as a Human Summoner on Aug 17, 2021.
             Slain by an orc priest (8 damage)
             ... on level 3 of the Dungeon.
             The game lasted 00:02:06 (262 turns).

loansindi the Caller (Human Summoner)                Turns: 262, Time: 00:02:06

Health: -1/13      AC:  2    Str:  8    XL:     1   Next: 22%
Magic:  3/3        EV: 12    Int: 15    God:
Gold:   25         SH:  0    Dex: 13    Spells: 3/4 levels left

rFire   . . .      SeeInvis .   c - +0 club
rCold   . . .      Faith    .   (no shield)
rNeg    . . .      Spirit   .   a - +0 robe
rPois   .          Reflect  .   (no helmet)
rElec   .          Harm     .   (no cloak)
rCorr   .          Rampage  .   (no gloves)
Will    .....                   (no boots)
Stlth   ++........              (no amulet)
HPRegen 0.04/turn               (no ring)
MPRegen 0.08/turn               (no ring)

@: no status effects
A: no striking features
a: no special abilities


You were on level 3 of the Dungeon.
You visited 1 branch of the dungeon, and saw 3 of its levels.

You collected 25 gold pieces.

Inventory:

Hand Weapons
 c - a +0 club (weapon)
Missiles
 b - 18 poisoned darts
Armour
 a - a +0 robe (worn)


   Skills:
 + Level 2.0 Dodging
 + Level 2.0 Stealth
 + Level 2.0 Spellcasting
 + Level 4.0 Summonings


You had 3 spell levels left.
You knew the following spells:

 Your Spells              Type           Power      Damage    Failure   Level
a - Summon Small Mammal   Summ           52%        N/A       4%          1

Your spell library contained the following spells:

 Spells                   Type           Power      Damage    Failure   Level
 Call Imp                 Summ           13%        N/A       6%          2
 Call Canine Familiar     Summ           13%        N/A       13%         3
 Summon Guardian Golem    Hex/Summ       7%         N/A       28%         3
 Summon Lightning Spire   Summ/Air       7%         N/A       67%         4


Dungeon Overview and Level Annotations

Branches:
Dungeon (3/15)

Altars:


Message History

You swap places.
There is a stone staircase leading down here.
You climb downwards.
Your summoned allies are left behind.
There is a stone staircase leading up here.
Found 15 gold pieces.
Magic restored.
HP restored.
You now have 18 gold pieces (gained 15).
You now have 25 gold pieces (gained 7).
Found a stone staircase leading down.
Found a stone staircase leading up.
You enter the shallow water.
Moving in this stuff is going to be slow.
Found a stone staircase leading down.
There is a stone staircase leading down here.
You climb downwards.
Found a stone staircase leading up.
There is a stone staircase leading up here. 2 orcs come into view.
The orc shouts!
You hear a shout! x2
An orc comes into view. It is wielding a +0 trident.
An orc priest comes into view. It is wielding a +0 trident.
Found 8 gold pieces.
The orc completely misses you.
You closely miss the orc.
The orc shouts!
You hear a shout!
The orc hits you with a +0 mace. The orc priest misses you.
The orc barely misses you.
You hit the orc.
The orc is moderately wounded.
The orc closely misses you.
The orc priest hits you from afar with a +0 trident.
The orc closely misses you.
An orc comes into view. It is wielding a +0 dagger.
You closely miss the orc.
The orc is moderately wounded.
The orc misses you.
The orc priest hits you from afar with a +0 trident!
Ouch! That really hurt!
You die... ... .. #. #.# ##..### ooo.o

#.o#
###@####...
#<......<..
####.###...
..# #.# ..
#.# .. #.#


You could see an orc priest and 4 orcs.

Vanquished Creatures (collateral kills)
  An endoplasm (D:1)
  A goblin (D:1)
2 creatures vanquished.

Vanquished Creatures (others)
  11 plants (D:2)
11 creatures vanquished.

Grand Total: 13 creatures vanquished

Notes
Turn   | Place    | Note
-------+----------+-------------------------------------------
     0 | D:1      | loansindi the Human Summoner began the quest for the Orb.
     0 | D:1      | Reached XP level 1. HP: 13/13 MP: 3/3
   258 | D:3      | Noticed an orc priest
   262 | D:3      | Slain by an orc priest

Illustrated notes

Levels and vault maps discovered:
D:1:      sevenhm_arrival_forest_fort_small_6, layout_basic,
          minmay_misc_feat_rows
D:2:      layout_loops_ring, ebering_ecumenical_altar_box, basic_altar,
          serial_bayou, serial_bayou_ford_a, serial_bayou_pond_a,
          serial_bayou_pond_a, serial_bayou_shore_b, palyth_stone_intersect,
          chequers_serial_rivers_small_b
D:3:      layout_basic

Action                   || total
-------------------------++-------
Melee: Club              ||     3
       Unarmed           ||     3
 Cast: Summon Small Mamm ||     3
Dodge: Dodged            ||     7

Table legend: (Time is in decaauts)
 A = Elapsed time spent in this place.
 B = Non-inter-level travel time spent in this place.
 C = Inter-level travel time spent in this place.
 D = Time resting spent in this place.
 E = Time spent auto-exploring this place.
 F = Levels seen in this place.
 G = Mean time per level.
                   A        B        C        D        E       F      G
               +--------+--------+--------+--------+--------+-----+--------+
         Total |    262 |    262 |      0 |      0 |    208 |   3 |   87.3 |
       Dungeon |    262 |    262 |      0 |      0 |    208 |   3 |   87.3 |
               +--------+--------+--------+--------+--------+-----+--------+

Top non-repeatable levels by time:
     D:2: 218 daAuts
     D:1: 37 daAuts
     D:3: 6 daAuts
